 Dungeon Crawl Stone Soup version 0.31-a0-145-g046c7d2549 (webtiles) character file.

Game seed: 10525398233118214198

72 Drazool the Shooter (level 4, -1/22 HPs)
             Began as a Spriggan Hunter on June 6, 2023.
             Slain by an orc
             ... wielding a +0 hand axe
              (5 damage)
             ... on level 2 of the Dungeon.
             The game lasted 00:02:30 (1219 turns).

Drazool the Shooter (Spriggan Hunter)               Turns: 1219, Time: 00:02:31

Health: -1/22      AC:  4    Str:  7    XL:     4   Next: 6%
Magic:  5/5        EV: 18    Int: 10    God:
Gold:   64         SH:  0    Dex: 20    Spells: 3/3 levels left

rFire   . . .        a - +0 shortbow
rCold   . . .        (shield currently unavailable)
rNeg    . . .        c - +0 robe
rPois   .            f - +2 hat
rElec   .            (no cloak)
rCorr   .            (gloves unavailable)
SInv    +            (boots unavailable)
Will    .....        (no amulet)
Stlth   ++           (no ring)
HPRegen 0.23/turn    (no ring)
MPRegen 0.09/turn

%: no passive effects
@: very quick
A: very small, no large weapons, unfitting armour, see invisible, speed 3
a: no special abilities


You were on level 2 of the Dungeon.
You visited 1 branch of the dungeon, and saw 3 of its levels.

You collected 64 gold pieces.


Innate Abilities, Weirdness & Mutations

You are very small and have problems with some larger weapons.
You are too small for most types of armour.
You have supernaturally acute eyesight. (SInv)
You cover ground extremely quickly. (Speed+++)


   Skills:
 - Level 1.5 Fighting
 + Level 5.6 Ranged Weapons
 - Level 2.6 Dodging
 - Level 1.5 Stealth


You had 3 spell levels left.
You didn't know any spells.
Your spell library was empty.

Inventory:

Hand Weapons
 a - a +0 shortbow (weapon)
Armour
 c - a +0 robe (worn)
 f - a +2 hat (worn)
Scrolls
 b - a scroll of butterflies
 e - a scroll of enchant weapon {unknown}
 g - a scroll of teleportation {@r2}
 i - a scroll of amnesia {unknown}
Potions
 d - a potion of curing {unknown}
 h - a potion of haste {unknown}

Dungeon Overview and Level Annotations

Branches:
Dungeon (3/15)

Altars:

#.# #.....# #..###..# ### #.#
###.### #..###.## ..#######.####
#.# #....^.#
∩..8.....♣..8###.#### ##.#####
...)................#####.#
..........................#######
♣..∩..∩.[♣..∩.#.###.#####.......#
..............#og##.# #.#####.#
........[.....##@##.# #.#####.#
......∩.....♣.##o##.# #.##.....
....................# #.##.##.#
.............###.#### #.......#
8..8.†⚑.....♣##...# ####.####
..............#...# ##...####
.....†............# ####.......#
∩..∩..∩..∩..∩##...# #.......##.#
#.......##...##...####.##..#.##.#


You could see an orc wizard, an orc and a hobgoblin.


Message History

Unknown command.
You shoot an arrow. The arrow hits the orc wizard!
The orc wizard is heavily wounded.
The orc barely misses you. The orc wizard completely misses you.
The hobgoblin misses you.
You shoot an arrow. The arrow barely misses the orc wizard.
The orc completely misses you.
The orc wizard hits you with a +0 dagger.
The hobgoblin closely misses you.
You shoot an arrow. The arrow hits the orc wizard.
The orc wizard is heavily wounded.
The orc closely misses you.
The orc wizard hits you but does no damage.
The hobgoblin completely misses you. The orc misses you.
The orc wizard barely misses you. The hobgoblin hits you.
You shoot an arrow. The arrow hits the orc wizard.
The orc wizard is severely wounded.
The orc hits you with a +0 hand axe. The orc wizard misses you.
The hobgoblin barely misses you.
You shoot an arrow. The arrow hits the orc wizard.
The orc wizard is almost dead.
The orc misses you.
The orc wizard gestures at you while chanting.
The puff of flame hits you!
* * * LOW HITPOINT WARNING * * *
The hobgoblin barely misses you.
You shoot an arrow.
The arrow closely misses the orc wizard.
The orc hits you with a +0 hand axe.
You die...

Skill      XL: |  1  2 |
---------------+-------+-----
Ranged Weapons | 5 |  5.6
Fighting       | |  1.5
Dodging        | |  2.6
Stealth        | |  1.5

Action                     |  1- 3 |  4- 6 || total
---------------------------+-------+-------++-------
   Fire: Shortbow          |    94 |    11 ||   105
    Use: Scroll            |       |     1 ||     1
 Armour: Robe              |     1 |     1 ||     2
  Dodge: Dodged            |     8 |    18 ||    26

Levels and vault maps discovered:
D:1:      amcnicky_arrival_double_pillar, layout_basic
D:2:      layout_loops_cross, hellmonk_ecumenical_altar_arch_garden,
          grunt_decor_cap
D:3:      layout_rooms, grunt_gozag_breadcrumbs, st_stairs_13,
          corexii_corridor_pit, minmay_goblin_kobold_house

Notes
Turn   | Place    | Note
-------+----------+-------------------------------------------
     0 | D:1      | Drazool the Spriggan Hunter began the quest for the Orb.
     0 | D:1      | Reached XP level 1. HP: 10/10 MP: 2/2
    83 | D:1      | Reached XP level 2. HP: 14/14 MP: 3/3
   364 | D:1      | Reached skill level 5 in Ranged Weapons
   364 | D:1      | Reached XP level 3. HP: 18/18 MP: 4/4
   917 | D:2      | Found a faded altar of an unknown god.
  1043 | D:2      | Reached XP level 4. HP: 22/22 MP: 5/5
  1219 | D:2      | Slain by an orc

Vanquished Creatures
  2 adders (D:2)
  A worm (D:2)
  2 dart slugs (D:1)
  An orc (D:2)
  3 bats (D:1)
  4 endoplasms
  5 giant cockroaches
  5 goblins
  2 hobgoblins (D:1)
  4 kobolds
  2 quokkas (D:2)
  6 ball pythons
  3 frilled lizards (D:1)
  6 rats
46 creatures vanquished.

Table legend: (Time is in decaauts)
 A = Elapsed time spent in this place.
 B = Non-inter-level travel time spent in this place.
 C = Inter-level travel time spent in this place.
 D = Time resting spent in this place.
 E = Time spent auto-exploring this place.
 F = Levels seen in this place.
 G = Mean time per level.
                   A        B        C        D        E       F      G
               +--------+--------+--------+--------+--------+-----+--------+
         Total |    821 |    761 |     60 |      0 |    572 |   3 |  273.7 |
       Dungeon |    821 |    761 |     60 |      0 |    572 |   3 |  273.7 |
               +--------+--------+--------+--------+--------+-----+--------+

Top non-repeatable levels by time:
     D:1: 428 daAuts
     D:2: 382 daAuts
     D:3: 10 daAuts

Table legend:
 A = Non-vault XP
 B = Vault XP
 C = Vault XP percentage of total XP
 D = Non-vault monster count
 E = Vault monster count
 F = Vault count percentage of total count
                 A         B        C        D         E       F
            +---------+---------+-------+---------+---------+-------
      Total |     102 |       1 |   1.0 |      45 |       1 |   2.2
            +---------+---------+-------+---------+---------+-------
        D:1 |      47 |       0 |   0.0 |      28 |       0 |   0.0
        D:2 |      54 |       0 |   0.0 |      16 |       0 |   0.0
        D:3 |       1 |       1 |  50.0 |       1 |       1 |  50.0
            +---------+---------+-------+---------+---------+-------
